 Dungeon Crawl Stone Soup version 0.24-a0-160-gfa3a8d6 (webtiles) character file.

Game seed: 0

2329 Hybris the Slicer (level 9, -2/41 HPs)
             Began as a Spriggan Assassin on Mar 4, 2019.
             Slain by a killer bee (11 damage)
             ... on level 8 of the Dungeon on Mar 5, 2019.
             The game lasted 00:36:05 (10777 turns).

Hybris the Slicer (Spriggan Assassin)              Turns: 10777, Time: 00:36:06

Health: -2/41      AC:  4    Str:  5 (7)  XL:     9   Next: 19%
Magic:  10/10      EV: 33    Int:  9 (12) God:
Gold:   312        SH:  0    Dex: 24 (26) Spells: 8/8 levels left

rFire    . . .     SeeInvis +   a - +2 dagger
rCold    . . .     Gourm    .   (shield restricted)
rNeg     . . .     Faith    .   c - +0 robe
rPois    .         Spirit   .   (helmet restricted)
rElec    .         Reflect  .   d - +1 cloak
rCorr    .         Harm     .   (gloves unavailable)
MR       +....                  (boots unavailable)
Stlth    ++++++....             (no amulet)
HPRegen  0.13/turn              (no ring)
MPRegen  0.12/turn              (no ring)

@: agile, very quick
A: very small, unfitting armour, see invisible, herbivore, speed 3, slow
metabolism 2
a: no special abilities


You were on level 8 of the Dungeon.
You were very hungry.

You visited 1 branch of the dungeon, and saw 8 of its levels.

You collected 312 gold pieces.

Inventory:

Hand Weapons
 a - a +2 dagger (weapon)
 b - a +0 blowgun
 x - a +0 dagger of draining
Missiles
 e - 16 poisoned needles
 f - 2 curare-tipped needles
Armour
 c - a +0 robe (worn)
 d - a +1 cloak (worn)
Wands
 y - a wand of scattershot (3)
Scrolls
 h - 2 scrolls of random uselessness
 i - a scroll of enchant weapon {unknown}
 k - 12 scrolls of identify
 l - 3 scrolls of amnesia {unknown}
 m - 2 scrolls of magic mapping
 o - 2 scrolls of enchant armour
 q - 2 scrolls of blinking
 v - 2 scrolls of remove curse {unknown}
 C - 2 scrolls of fog {unknown}
Potions
 j - 2 potions of invisibility {unknown}
 n - 2 potions of might {unknown}
 r - a potion of magic {unknown}
 s - 2 potions of degeneration
 t - a potion of agility
 u - a potion of brilliance {unknown}
 w - a potion of ambrosia {unknown}
 z - a potion of berserk rage {unknown}
 A - a potion of resistance {unknown}
 B - a potion of cancellation {unknown}
 D - a potion of heal wounds
Comestibles
 g - 7 rations


   Skills:
 - Level 1.5 Fighting
 - Level 10.3 Short Blades
 * Level 2.4 Throwing
 + Level 9.8 Dodging
 + Level 8.6 Stealth


You had 8 spell levels left.
You didn't know any spells.
Your spell library contained the following spells:

 Spells                   Type           Power        Failure   Level  Hunger
 Sting                    Conj/Pois      #...         38%         1    ##.....
 Summon Small Mammal      Summ           #...         38%         1    ##.....
 Call Imp                 Summ           #.......     52%         2    ###....
 Poisonous Vapours        Pois/Air       #.....       52%         2    ###....
 Call Canine Familiar     Summ           #.......     77%         3    ####...
 Mephitic Cloud           Conj/Pois/Air  #.......     77%         3    ####...
 Summon Guardian Golem    Hex/Summ       #.......     77%         3    ####...
 Olgreb's Toxic Radiance  Pois           #.......     99%         4    #####..
 Summon Ice Beast         Ice/Summ       #.......     99%         4    #####..
 Summon Lightning Spire   Summ/Air       #.......     99%         4    #####..
 Venom Bolt               Conj/Pois      #.........   100%        5    ######.


Dungeon Overview and Level Annotations

Branches:
Dungeon (8/15)
 Temple: D:4-7         Lair: D:8-11

Altars:
Sif Muna

Shops:
D:5 %


Innate Abilities, Weirdness & Mutations

You are very small and have problems with some larger weapons.
You are too small for most types of armour.
You have supernaturally acute eyesight. (SInv)
You are a herbivore.
You cover ground extremely quickly.
You need to consume almost no food.


Message History

The killer bee barely misses you.
You hit the killer bee but do no damage.
The killer bee is severely wounded.
You hear an angry buzzing noise.
The killer bee completely misses you. x2
You hit the killer bee.
The killer bee is almost dead.
The killer bee completely misses you.
You hit the killer bee.
The killer bee is almost dead.
The killer bee completely misses you. The killer bee stings you!
* * * LOW HITPOINT WARNING * * *
You hear an angry buzzing noise.
The killer bee completely misses you. The killer bee completely misses you.
The killer bee closely misses you.
There is a stone staircase leading down here.
You can't go up here!
The killer bee stings you!
You die...

#.....#y##....
##.............
#.y###.......##
#####.## #.......#
##### #..yyy.#
#.##.##.# ###...##
#.####.# #.# ... ..
#..###.## ###.####.#
#.# ###. . #.##
##.###...y....###.####
# #.#
#.....#.@###.#.......
#.## ##.#####.##
##..###.# #..###.##
#.# #......# #......#
#.# ##......# #
####.###
##.###.#.#...# # #[[.#
#...##.#)..# # #...#
######.###.....## #
#...#
#................#####
##.##
#.....#>#........#....


You could see a killer bee (berserk).

Vanquished Creatures
  A manticore (D:7)
  A yak (D:7)
  A hungry ghost (D:7)
  An orc warrior (D:7)
  2 sky beasts
  2 phantoms (D:4)
  2 ogres
  A centaur (D:8)
  A bullfrog (D:6)
  2 scorpions
  A howler monkey (D:6)
  A bullfrog zombie (D:6)
  A crimson imp (D:5)
  A centaur zombie (D:5)
  2 hounds
  3 centaur skeletons
  3 orc priests (D:5)
  Jessica (D:2)
  An orc wizard (D:8)
  5 worker ants
  A hound skeleton (D:4)
  7 adders
  7 gnolls
  A shadow imp (D:5)
  3 oozes
  An adder skeleton (D:4)
  A worm (D:4)
  A dart slug (D:2)
  5 leopard geckos
  8 orcs
  2 ball pythons (D:1)
  A giant cockroach (D:4)
  7 goblins
  4 hobgoblins (D:1)
  10 jackals
  6 kobolds
  3 quokkas
  15 bats
  2 frilled lizards
  4 rats
122 creatures vanquished.

Notes
Turn   | Place    | Note
-------+----------+-------------------------------------------
     0 | D:1      | Hybris the Spriggan Assassin began the quest for the Orb.
     0 | D:1      | Reached XP level 1. HP: 10/10 MP: 2/2
   159 | D:1      | Reached XP level 2. HP: 14/14 MP: 3/3
   319 | D:1      | Reached skill level 3 in Short Blades
   744 | D:1      | Reached XP level 3. HP: 17/18 MP: 4/4
  1471 | D:2      | Noticed Jessica
  1488 | D:2      | Killed Jessica
  1488 | D:2      | Reached XP level 4. HP: 22/22 MP: 5/5
  2145 | D:2      | Reached skill level 4 in Short Blades
  3552 | D:4      | Noticed a phantom
  3782 | D:4      | Noticed an ogre
  3921 | D:3      | Reached XP level 5. HP: 25/25 MP: 6/6
  3961 | D:4      | Killed an ogre
  3961 | D:4      | Reached skill level 5 in Short Blades
  4071 | D:4      | Reached XP level 6. HP: 30/30 MP: 7/7
  4339 | D:4      | Reached skill level 5 in Dodging
  5148 | D:3      | Reached skill level 6 in Short Blades
  5683 | D:4      | Reached XP level 7. HP: 19/33 MP: 8/8
  6223 | D:5      | Entered Level 5 of the Dungeon
  6280 | D:5      | Found Oxkiawax's Food Emporium.
  6282 | D:5      | Found the +3 crown of Dyrovepreva {rElec Int+2 SInv}
  6456 | D:5      | Reached skill level 7 in Short Blades
  7848 | D:6      | Reached skill level 8 in Short Blades
  7848 | D:6      | Reached XP level 8. HP: 34/37 MP: 9/9
  8179 | D:7      | Noticed an unseen horror
  9358 | D:7      | Reached skill level 9 in Short Blades
  9376 | D:7      | Upgraded the game from 0.24-a0-140-gcaa6c10 to
                  | 0.24-a0-160-gfa3a8d6
  9950 | D:7      | Noticed a manticore
  9953 | D:7      | Killed a manticore
  9953 | D:7      | Reached skill level 10 in Short Blades
  9953 | D:7      | Reached XP level 9. HP: 41/41 MP: 10/10
 10569 | D:8      | Found a deep blue altar of Sif Muna.
 10739 | D:8      | Noticed a queen bee
 10777 | D:8      | Slain by a killer bee

Levels and vault maps discovered:
D:1:      dpeg_arrival_round_c, layout_basic, hangedman_glass_teeth
D:2:      layout_basic, first_ration, uniq_jessica
D:3:      layout_basic
D:4:      layout_gridville
D:5:      layout_basic, serial_shops, kennysheep_little_box
D:6:      layout_gridville, portal_sewer_entry_e
D:7:      layout_loops_cross, minmay_temple_entry_mist, kb_rosetta
D:8:      layout_loops_cross, old_standard_altar, david_nohive_1, tgw_sif,
          uniq_joseph

Skill      XL: |  1  2  3  4  5  6  7  8 |
---------------+-------------------------+-----
Dodging        | 2 3 4 5 7 9 |  9.8
Stealth        | 6 7 8 |  8.6
Short Blades   | 3 4 5 6 8 10 | 10.3
Fighting       | |  1.5
Throwing       | |  2.4

Action                   |  1- 3 |  4- 6 |  7- 9 || total
-------------------------+-------+-------+-------++-------
Melee: Dagger            |   100 |   237 |   426 ||   763
 Fire: Blowgun           |       |    37 |    62 ||    99
  Use: Potion            |     1 |     3 |     7 ||    11
       Scroll            |       |       |     8 ||     8
 Stab: Sleeping          |    13 |     5 |    19 ||    37
       Distracted        |     1 |       |     3 ||     4
  Eat: Ration            |       |     1 |     3 ||     4
Armor: Robe              |    21 |    13 |    20 ||    54
Dodge: Dodged            |   137 |   184 |   362 ||   683

Table legend:
 A = Non-vault XP
 B = Vault XP
 C = Vault XP percentage of total XP
 D = Non-vault monster count
 E = Vault monster count
 F = Vault count percentage of total count
                 A         B        C        D         E       F
            +---------+---------+-------+---------+---------+-------
      Total |    2348 |     980 |  29.4 |     117 |       5 |   4.1
            +---------+---------+-------+---------+---------+-------
        D:1 |      44 |       0 |   0.0 |      26 |       0 |   0.0
        D:2 |      53 |      37 |  41.1 |      15 |       1 |   6.2
        D:3 |     148 |       0 |   0.0 |      10 |       0 |   0.0
        D:4 |     588 |       0 |   0.0 |      20 |       0 |   0.0
        D:5 |     402 |       0 |   0.0 |      20 |       0 |   0.0
        D:6 |     329 |       0 |   0.0 |      10 |       0 |   0.0
        D:7 |     438 |     908 |  67.5 |      11 |       3 |  21.4
        D:8 |     346 |      35 |   9.2 |       5 |       1 |  16.7
            +---------+---------+-------+---------+---------+-------
